 Dungeon Crawl Stone Soup version 0.28-a0-834-g1a73be5ee4 (webtiles) character file.

Game seed: 6412691948414069560

7 Crownlay the Skirmisher (level 2, 26/26 HPs)
             Began as a Hill Orc Fighter on Nov 11, 2021.
             Was a Follower of Sif Muna.
             Quit the game on level 1 of the Dungeon.
             The game lasted 00:00:25 (178 turns).

Crownlay the Skirmisher (Hill Orc Fighter)           Turns: 178, Time: 00:00:25

Health: 26/26      AC:  6    Str: 18    XL:     2   Next: 0%
Magic:  2/2        EV:  9    Int:  8    God:    Sif Muna [*.....]
Gold:   31         SH:  4    Dex: 10    Spells: 1/1 levels left

rFire   . . .      SeeInvis .   a - +0 war axe
rCold   . . .      Faith    .   c - +0 buckler
rNeg    . . .      Spirit   .   b - +0 scale mail
rPois   .          Reflect  .   (no helmet)
rElec   .          Harm     .   (no cloak)
rCorr   .          Rampage  .   (no gloves)
Will    .....                   (no boots)
Stlth   ..........              (no amulet)
HPRegen 0.08/turn               (no ring)
MPRegen 0.08/turn               (no ring)

@: no status effects
A: no striking features
a: Renounce Religion, Channel Magic


You were on level 1 of the Dungeon.
You worshipped Sif Muna.
Sif Muna was aware of your devotion.
You visited 1 branch of the dungeon, and saw 1 of its levels.

You collected 31 gold pieces.

Inventory:

Hand Weapons
 a - a +0 war axe (weapon)
Armour
 b - a +0 scale mail (worn)
 c - a +0 buckler (worn)
Jewellery
 e - a ring of see invisible
Potions
 d - a potion of might
 f - 2 potions of haste {unknown}
 g - a potion of mutation {unknown}


   Skills:
 - Level 3.6 Fighting
 * Level 3.3 Axes
 - Level 3.2 Armour
 + Level 3.4 Shields


You had one spell level left.
You didn't know any spells.
Your spell library contained the following spells:

 Spells                   Type           Power      Damage    Failure   Level
 Scorch                   Fire           0%         2d5       91%         2
 Flame Wave               Conj/Fire      0%         3d3       100%        4
 Summon Cactus Giant      Summ           0%         N/A       100%        6


Dungeon Overview and Level Annotations

Branches:
Dungeon (1/15)

Altars:
Sif Muna


Message History

You add the spells Scorch, Flame Wave and Summon Cactus Giant to your library.
You enter the shallow water.
Moving in this stuff is going to be slow.
You now have 27 gold pieces (gained 1).
You now have 28 gold pieces (gained 1).
There is a faded altar of an unknown god here.
You enter the shallow water.
Moving in this stuff is going to be slow.
You now have 29 gold pieces (gained 1).
You now have 30 gold pieces (gained 1).
There is a faded altar of an unknown god here.
You enter the shallow water.
Moving in this stuff is going to be slow.
You now have 31 gold pieces (gained 1).
A ball python comes into view.
The ball python hisses angrily.
You enter the shallow water.
Moving in this stuff is going to be slow.
There is a faded altar of an unknown god here.
You enter the shallow water.
Moving in this stuff is going to be slow.
The ball python barely misses you. The ball python closely misses you.
Your unstable footing causes you to fumble your attack.
The ball python bites you. The ball python closely misses you.
You closely miss the ball python. The ball python barely misses you.
You block the ball python's attack. The ball python barely misses you.
The ball python completely misses you.
You slash the ball python!
You kill the ball python!
You have reached level 2!
There is a faded altar of an unknown god here.
You cannot tell which god this altar belongs to.
Convert to them anyway?
Okay, then.
Unknown command.
Press < or > to pray at altars.
You cannot tell which god this altar belongs to.
Convert to them anyway?
Sif Muna accepts your prayer! Sif Muna welcomes you!
You can now call upon Sif Muna for magical energy.
Are you sure you want to abandon this character and quit the game? (Confirm with "yes".)

# #. # # #. #.#
#.### ## ..# #...
.# ..# #.## #.#
.## #..#####.# ##
##.†.....# ##
#..≈≈≈..# # .#
##.≈@≈..##.### .#
#.≈≈≈........ .#
#......######. .#
###.##........ .#
#.##.######.. .#
#.##.#### #.....
.# #.##.##.#
#.##.# .#
#.##...#.##.##.##
.#
.##..###.#.#...#


There were no monsters in sight!

Vanquished Creatures
  3 ball pythons (D:1)
  2 endoplasms (D:1)
  A rat (D:1)
6 creatures vanquished.

Notes
Turn   | Place    | Note
-------+----------+-------------------------------------------
     0 | D:1      | Crownlay the Hill Orc Fighter began the quest for the Orb.
     0 | D:1      | Reached XP level 1. HP: 19/19 MP: 1/1
   131 | D:1      | Found a faded altar of an unknown god.
   176 | D:1      | Reached XP level 2. HP: 25/26 MP: 2/2
   177 | D:1      | Prayed at the altar of an unknown god.
   177 | D:1      | Became a worshipper of Sif Muna the Loreminder
   177 | D:1      | Reached * piety under Sif Muna
   178 | D:1      | Quit the game

Illustrated notes

Levels and vault maps discovered:
D:1:      mrwooster_arrival_statue_3, layout_loops_ring,
          hellmonk_ecumenical_altar_pennies_from_heaven

Skill      XL: |  1 |
---------------+----+-----
Axes           | 3 |  3.3
Fighting       | |  3.6
Armour         | |  3.2
Shields        | |  3.4

Action                   || total
-------------------------++-------
Melee: War axe           ||     9
Armor: Scale mail        ||     2
Dodge: Dodged            ||     7
Block: Buckler           ||     1

Table legend: (Time is in decaauts)
 A = Elapsed time spent in this place.
 B = Non-inter-level travel time spent in this place.
 C = Inter-level travel time spent in this place.
 D = Time resting spent in this place.
 E = Time spent auto-exploring this place.
 F = Levels seen in this place.
 G = Mean time per level.
                   A        B        C        D        E       F      G
               +--------+--------+--------+--------+--------+-----+--------+
         Total |    185 |    185 |      0 |      0 |    147 |   1 |  185.0 |
       Dungeon |    185 |    185 |      0 |      0 |    147 |   1 |  185.0 |
               +--------+--------+--------+--------+--------+-----+--------+

Top non-repeatable levels by time:
     D:1: 185 daAuts
